 Dungeon Crawl Stone Soup version 0.30.1-11-g7821555f0a (webtiles) character file.

Game seed: 471663759257795448

11193 booth the Cleaver (level 11, -1/92 HPs)
             Began as a Demonspawn Monk on Dec 21, 2023.
             Was a High Priest of Dithmenos.
             Slain by a troll (2 damage)
             ... on level 11 of the Dungeon on Dec 22, 2023.
             The game lasted 01:15:31 (10168 turns).

booth the Cleaver (Demonspawn Monk)                Turns: 10168, Time: 01:15:32

Health: -1/92      AC: 12    Str: 16    XL:     11   Next: 46%
Magic:  0/11       EV: 15    Int:  7    God:    Dithmenos [*****.]
Gold:   388        SH:  6    Dex: 16    Spells: 10/10 levels left

rFire   + . .        D - +2 war axe
rCold   . . .        (no shield)
rNeg    + . .        A - +2 scale mail of Youthful Indiscretion {rF+ Int-4 Stlth+}
rPois   .            r - +2 hat
rElec   +            s - +0 cloak {Stlth+}
rCorr   .            t - +0 pair of gloves
SInv    .            (no boots)
Will    .....        x - amulet of the acrobat
Stlth   +++          I - ring of positive energy
HPRegen 0.35/turn    R - +5 ring of evasion
MPRegen 0.24/turn

%: acrobat, guardian spirit
@: wreathed by umbra
A: claws 2, large bone plates 2, spiny 2, magic shield, magic regeneration,
electricity resistance
a: Renounce Religion, Shadow Step, Shadow Form


You were on level 11 of the Dungeon.
You worshipped Dithmenos.
Dithmenos was extremely pleased with you.
You visited 1 branch of the dungeon, and saw 11 of its levels.

You collected 628 gold pieces.
You spent 240 gold pieces at shops.

Inventory:

Hand Weapons
 a - a +0 hand axe of flaming
 D - a +2 war axe (weapon)
 H - a +0 flail of protection
Missiles
 m - 6 curare-tipped darts
 v - 2 boomerangs (quivered)
 B - 14 poisoned darts
 F - 5 silver boomerangs
 K - 2 throwing nets
Armour
 d - an orb of light
 o - the +1 leather armour of Dramatic Exits {Will+ Regen+ Str+3}
   (You found it on level 5 of the Dungeon)

   Str:       It affects your strength (+3).
   Regen:     It increases your rate of health regeneration.
   Will:      It increases your willpower.
 p - a +0 helmet
 r - a +2 hat (worn)
 s - a +0 cloak of stealth (worn)
 t - a +0 pair of gloves (worn)
 A - the +2 scale mail of Youthful Indiscretion (worn) {rF+ Int-4 Stlth+}
   (You found it on level 6 of the Dungeon)

   Int:       It affects your intelligence (-4).
   rF:        It protects you from fire.
   Stlth:     It makes you more stealthy.
Jewellery
 e - a ring of flight
 j - a ring of positive energy
 w - a +6 ring of dexterity
 x - an amulet of the acrobat (around neck)
 I - a ring of positive energy (left hand)
 M - a +4 ring of protection
 R - a +5 ring of evasion (right hand)
Wands
 i - a wand of quicksilver (15)
 q - a wand of polymorph (11)
 u - a wand of flame (20)
 E - a wand of charming (13)
 Q - a wand of roots (4)
Scrolls
 c - a scroll of silence
 f - 3 scrolls of fog
 n - 5 scrolls of teleportation
 y - a scroll of torment
 C - a scroll of fear {unknown}
 G - a scroll of amnesia
 O - a scroll of vulnerability {unknown}
Potions
 b - 2 potions of ambrosia
 g - 3 potions of lignification
 h - a potion of resistance
 k - 7 potions of curing
 l - 2 potions of mutation
 z - 3 potions of attraction
 J - a potion of flight
 N - a potion of haste
 P - 2 potions of heal wounds
 S - a potion of brilliance
Miscellaneous
 L - a tin of tremorstones (2/2)


   Skills:
 + Level 10.5 Fighting
 * Level 13.1 Axes
 + Level 5.5 Throwing
 - Level 2.7 Dodging


You had 10 spell levels left.
You didn't know any spells.
Your spell library contained the following spells:

 Spells                   Type           Power      Damage    Failure   Level
 Necrotise                Necr           0%         1d4       87%         1
 Slow                     Hex            0%         N/A       87%         1
 Ensorcelled Hibernation  Hex/Ice        0%         N/A       95%         2
 Poisonous Vapours        Pois/Air       0%         N/A       95%         2
 Confusing Touch          Hex            0%         N/A       99%         3
 Mephitic Cloud           Conj/Pois/Air  0%         N/A       99%         3
 Spider Form              Tmut/Pois      0%         N/A       99%         3
 Vampiric Draining        Necr           0%         2d6       99%         3
 Anguish                  Hex/Necr       0%         N/A       100%        4
 Agony                    Necr           0%         N/A       100%        5
 Freezing Cloud           Conj/Ice/Air   0%         6-21      100%        5
 Borgnjor's Revivificati  Necr           0%         N/A       100%        8
 Necromutation            Tmut/Necr      0%         N/A       100%        8
 Death's Door             Necr           0%         N/A       100%        9


Dungeon Overview and Level Annotations

Branches:
Dungeon (11/15)            Temple (0/1) D:5
   Lair: D:8-11         Orc: D:9-12

Altars:
Dithmenos
Hepliaklqana
Sif Muna
Wu Jian

Shops:
D:11 !

Annotations:
D:9 3 runed translucent doors, Barill's ghost, novice DsBe


Innate Abilities, Weirdness & Mutations

You have very sharp fingernails.
You are mostly covered in large bone plates. (SH +6)
You are mostly covered in sharp spines.
When hurt, damage is shared between your health and your magic reserves.
You regenerate magic rapidly.
You are resistant to electric shocks. (rElec)


Message History

You hit the vampire.
The vampire is severely damaged.
You closely miss the kobold brigand. You closely miss something.
You closely miss the vampire. You hit the troll.
The kobold brigand barely misses you. Something barely misses you.
Something bites you.
* * * LOW HITPOINT WARNING * * *
Something draws strength from your injuries!
The vampire hits you but does no damage.
The vampire misses you. The troll is struck by your spines.
The troll closely misses you. The troll claws you. x2
* * * LOW HITPOINT WARNING * * *
The vampire draws life force from you.
* * * LOW HITPOINT WARNING * * *
The vampire is healed by the life force!
You bump into the rock wall.
The vampire is struck by your spines. The vampire barely misses you.
The vampire closely misses you.
The troll completely misses you. x2; The troll claws you but does no damage.
The kobold brigand is struck by your spines.
The kobold brigand barely misses you. Something hits you but does no damage.
Something bites you but does no damage. The vampire closely misses you. x2
You're too confused to move!
The kobold brigand hits you but does no damage.
The vampire hits you.
* * * LOW HITPOINT WARNING * * *
The vampire misses you. The troll misses you.
The troll claws you but does no damage. The troll claws you.
* * * LOW HITPOINT WARNING * * *
The vampire gestures at you while chanting.
You resist with some effort. Something hits you but does no damage.
Something bites you!
* * * LOW HITPOINT WARNING * * *
Something draws strength from your injuries!
You are too confused!
You feel better. The kobold brigand barely misses you. The vampire hits you!
* * * LOW HITPOINT WARNING * * *
The vampire closely misses you. The troll bites you.
* * * LOW HITPOINT WARNING * * *
The troll claws you.
You die...

...# ...#
T..# #..#
#V.## #...#
#...#
#.#######.#
#....KK@V.#
..#'#.{VT.#
#.....#
#.....#
#.....#
#.....#
#.....#
#.....#
#.....#


You could see a troll, 2 vampires, a kobold brigand and a kobold.

Vanquished Creatures
  A two-headed ogre (D:10)
  A tengu warrior (D:8)
  Pikel (D:9)
  2 cyclopes
  Maggie (D:9)
  Psyche (D:10)
  An unseen horror (D:8)
  A troll (D:10)
  A hornet (D:9)
  Prince Ribbit (D:9)
  A slime creature (D:8)
  2 shadows (D:9)
  A wyvern (D:9)
  14 yaks
  3 vampire mosquitoes (D:10)
  An acid dragon (D:11)
  A water moccasin (D:7)
  3 black bears
  2 orc warriors
  An ice beast (D:7)
  2 ogres
  2 sky beasts
  6 centaurs
  A kobold brigand (D:9)
  5 bullfrogs
  A gnoll sergeant (D:10)
  4 scorpions
  10 wights
  9 killer bees (D:7)
  3 howler monkeys
  4 orc priests
  2 gnoll boudas
  3 hounds
  Crazy Yiuf (D:3)
  4 sleepcaps
  2 iguanas (D:5)
  Natasha (twice) (D:3)
  11 orc wizards
  Robin (D:3)
  18 gnolls
  5 adders
  2 dart slugs (D:5)
  36 orcs
  9 endoplasms
  3 giant cockroaches
  12 hobgoblins
  6 kobolds
  2 quokkas
  6 ball pythons
  3 bats
  4 frilled lizards
  13 goblins
  6 rats
238 creatures vanquished.

Notes
Turn   | Place    | Note
-------+----------+-------------------------------------------
     0 | D:1      | booth the Demonspawn Monk began the quest for the Orb.
     0 | D:1      | Reached XP level 1. HP: 18/18 MP: 1/1
   180 | D:1      | Reached skill level 3 in Axes
   270 | D:1      | Gained mutation: You are partially covered in large bone
                  | plates. (SH +4) [demonic ancestry]
   270 | D:1      | Reached XP level 2. HP: 22/24 MP: 2/2
   490 | D:1      | Found a faded altar of an unknown god.
   504 | D:1      | Prayed at the altar of an unknown god.
   504 | D:1      | Became a worshipper of Dithmenos the Shadowed
   504 | D:1      | Reached * piety under Dithmenos
   504 | D:1      | Reached ** piety under Dithmenos
  1117 | D:2      | Reached *** piety under Dithmenos
  1181 | D:2      | HP: 1/24 [gnoll/+2 whip of distortion (3)]
  1191 | D:2      | Gained mutation: You regenerate magic rapidly. [demonic
                  | ancestry]
  1191 | D:2      | Reached XP level 3. HP: 19/29 MP: 3/3
  1541 | D:2      | Reached skill level 4 in Axes
  1541 | D:2      | Gained mutation: You are partially covered in sharp spines.
                  | [demonic ancestry]
  1541 | D:2      | Reached XP level 4. HP: 13/37 MP: 4/4
  1913 | D:2      | Gained mutation: You are resistant to electric shocks.
                  | (rElec) [potion of mutation]
  2115 | D:3      | Noticed Natasha
  2139 | D:3      | Killed Natasha
  2408 | D:3      | Found a runed translucent door.
  2409 | D:3      | Noticed Crazy Yiuf
  2517 | D:3      | Noticed Robin
  2703 | D:3      | Reached XP level 5. HP: 40/41 MP: 5/5
  2731 | D:3      | Killed Robin
  2829 | D:3      | Noticed Natasha
  2841 | D:3      | Killed Natasha
  2910 | D:3      | Killed Crazy Yiuf
  2911 | D:3      | Reached skill level 5 in Axes
  2975 | D:4      | Reached XP level 6. HP: 11/49 MP: 6/6
  3196 | D:4      | Reached **** piety under Dithmenos
  3355 | D:4      | Reached skill level 5 in Fighting
  3358 | D:4      | Reached skill level 6 in Axes
  3451 | D:4      | Gained mutation: When hurt, damage is shared between your
                  | health and your magic reserves. [demonic ancestry]
  3451 | D:4      | Reached XP level 7. HP: 56/56 MP: 7/7
  3747 | D:5      | Entered Level 5 of the Dungeon
  3821 | D:5      | Identified the +1 leather armour of Dramatic Exits {Will+
                  | Regen+ Str+3}
  4464 | D:5      | Reached skill level 7 in Axes
  4718 | D:5      | Found a staircase to the Ecumenical Temple.
  4800 | D:5      | Gained mutation: You are mostly covered in sharp spines.
                  | [demonic ancestry]
  4800 | D:5      | Reached XP level 8. HP: 45/64 MP: 6/8
  4976 | D:6      | Reached skill level 8 in Axes
  5380 | D:6      | Found a hazy altar of Hepliaklqana.
  5380 | D:6      | Found a shimmering blue altar of Sif Muna.
  5555 | D:6      | Identified the +2 scale mail of Youthful Indiscretion {rF+
                  | Int-4 Stlth+}
  5939 | D:7      | Reached skill level 9 in Axes
  5995 | D:7      | Gained mutation: You are mostly covered in large bone
                  | plates. (SH +6) [demonic ancestry]
  5995 | D:7      | Reached XP level 9. HP: 59/72 MP: 4/9
  6148 | D:7      | Reached skill level 10 in Axes
  6179 | D:7      | Reached ***** piety under Dithmenos
  6500 | D:8      | Reached skill level 1 in Throwing
  6511 | D:8      | Killed an unseen horror
  6582 | D:8      | Reached skill level 11 in Axes
  6590 | D:8      | Gained mutation: You have sharp fingernails. [demonic
                  | ancestry]
  6590 | D:8      | Reached XP level 10. HP: 72/82 MP: 5/10
  6626 | D:8      | Noticed a cyclops
  6913 | D:8      | Killed a cyclops
  6952 | D:8      | Noticed a tengu warrior
  6977 | D:8      | Killed a tengu warrior
  7565 | D:9      | Noticed Prince Ribbit
  7565 | D:9      | Noticed Pikel
  7597 | D:9      | Killed Pikel
  7617 | D:9      | Killed Prince Ribbit
  7618 | D:9      | Reached skill level 12 in Axes
  7672 | D:9      | Noticed Maggie
  7702 | D:9      | Killed Maggie
  7981 | D:9      | Found an ornate altar of the Wu Jian Council.
  8095 | D:9      | Found a runed translucent gate.
  8095 | D:9      | Found a runed translucent gate.
  8095 | D:9      | Found a runed translucent gate.
  8096 | D:9      | Noticed Barill's ghost (novice DsBe)
  8334 | D:10     | Entered Level 10 of the Dungeon
  8616 | D:10     | Gained mutation: You have very sharp fingernails. [demonic
                  | ancestry]
  8616 | D:10     | Reached XP level 11. HP: 77/90 MP: 11/11
  8623 | D:10     | Reached skill level 10 in Fighting
  8899 | D:10     | Noticed Psyche
  8907 | D:10     | Killed Psyche
  8991 | D:10     | Noticed a two-headed ogre
  9072 | D:10     | Reached skill level 5 in Throwing
  9313 | D:10     | Killed a two-headed ogre
  9314 | D:10     | Reached skill level 13 in Axes
 10103 | D:11     | Found Pauzacuk's Distillery.
 10115 | D:11     | Bought a potion of heal wounds for 75 gold pieces
 10115 | D:11     | Bought a potion of curing for 45 gold pieces
 10115 | D:11     | Bought a potion of curing for 45 gold pieces
 10115 | D:11     | Bought a potion of heal wounds for 75 gold pieces
 10168 | D:11     | HP: 2/92 [vampire (11)]
 10168 | D:11     | Slain by a troll

Illustrated notes

Levels and vault maps discovered:
D:1:      onia_arrival_handbag, layout_basic, chequers_ecumenical_altar_grove
D:2:      layout_loops_cross, corexii_corridor_pit, st_stairs_9,
          minmay_pentomino_w2
D:3:      layout_basic, minmay_misc_feat_secret_circle, kennysheep_potato,
          uniq_natasha, uniq_robin, uniq_crazy_yiuf_cottage
D:4:      layout_cave_pools
D:5:      layout_basic, temple_green
D:6:      layout_loops_ring, nicolae_overflow_hidden_temple, serial_aquarium,
          aquarium_bridge_island_small [aquarium_subvault_small_open,
          aquarium_subvault_bridge, aquarium_subvault_wall,
          aquarium_subvault_bridge, aquarium_subvault_window],
          aquarium_bridge_straight [aquarium_subvault_bridge,
          aquarium_subvault_balcony, aquarium_subvault_bridge,
          aquarium_subvault_wall], aquarium_window_2, aquarium_window_2,
          aquarium_window_fake, aquarium_view_2f, aquarium_pool_2
D:7:      layout_rooms, minmay_crossroads
D:8:      minmay_cornered_nines, layout_cave_pools
D:9:      layout_basic, nicolae_wu_jian_wuxing_cycle,
          gammafunk_ghost_necromancy, uniq_prince_ribbit1, uniq_maggie,
          uniq_pikel
D:10:     layout_cave_pods, uniq_psyche
D:11:     layout_irregular_city, david_lair_generic, david_orc_2, serial_shops,
          shop, serial_undead, serial_undead_b, serial_undead_a,
          serial_undead_e, serial_undead_e, serial_undead_d, serial_undead_b

Skill      XL: |  1  2  3  4  5  6  7  8  9 10 11 |
---------------+----------------------------------+-----
Axes           | 3 4 5 6 7 9 11 12 13 | 13.1
Fighting       | 4 5 6 7 8 9 10 | 10.5
Throwing       | 2 4 5 |  5.5
Dodging        | |  2.7

Action                     |  1- 3 |  4- 6 |  7- 9 | 10-12 || total
---------------------------+-------+-------+-------+-------++-------
  Melee: Hand axe          |   103 |   111 |   287 |   133 ||   634
         Punch             |       |     2 |     5 |     6 ||    13
         War axe           |       |       |       |   126 ||   126
  Throw: Dart              |       |     4 |    44 |     7 ||    55
         Boomerang         |       |       |    25 |    38 ||    63
 Invoke: Shadow Step       |       |       |       |     1 ||     1
    Use: Scroll            |     3 |     2 |     7 |     5 ||    17
         Potion            |     3 |     2 |     2 |     8 ||    15
   Stab: Sleeping          |     3 |     1 |     3 |     1 ||     8
         Distracted        |       |     1 |       |     1 ||     2
 Armour: Robe              |     5 |    19 |       |       ||    24
         Leather armour    |       |       |    53 |    24 ||    77
         Scale mail        |       |       |       |    34 ||    34
  Dodge: Dodged            |    52 |    62 |   143 |   141 ||   398
  Block: Orb               |    16 |     6 |       |       ||    22
         Other             |       |    15 |    60 |    52 ||   127
